Penguins vs Predators

Created - February 29, 2016 at 18:44

Goals
1 2 3 OT1 T
Penguins 0 2 0 0 2
Predators 1 0 1 1 3
Shots
1 2 3 OT1 T
Penguins 5 5 10 0 20
Predators 6 7 5 1 19

1st period

1. Predators , Nicklas Backstrom 21 (Jaden Schwartz) at 0:52

Penalties :
Valtteri Filppula (NSH) for Hooking (Minor) at 3:04, Zach Bogosian (NSH) for Hooking (Minor) at 8:46

2nd period

2. Penguins , Ondrej Palat 10 (Ryan Suter, Mark Giordano) at 4:06
3. Penguins , Mike Cammalleri 18 (Ondrej Palat) at 16:22

Penalties :
No Penalty

3rd period

4. Predators , Max Pacioretty 24 (Roman Josi, Oscar Klefbom) at 8:58

Penalties :
T.J. Oshie (NSH) for Fighting (Major) at 7:46, Jakub Voracek (PIT) for Fighting (Major) at 7:46

Overtime #1

5. Predators , Steven Stamkos 17 (Zach Bogosian, Max Pacioretty) at 0:16

Penalties :
No Penalty

Goalie Stats

Marc-Andre Fleury (PIT), 16 saves from 19 shots - (0.842), OTL, 25-23-4, 60:17 minutes
Pekka Rinne (NSH), 18 saves from 20 shots - (0.900), W, 32-13-4, 60:17 minutes

Players Stats for Penguins

Player Name              G  A  P  +/- PIM S  H  SB GA TA FO     MP     PP MP  PK MP  
------------------------------------------------------------------------------------
Brandon Saad             0  0  0   0  0   2  0  0  0  0  0/1    19:25   2:10   0:00 
Dmitry Kulikov           0  0  0   0  0   1  1  0  0  0  0/0    15:11   0:14   0:00 
Gregory Campbell         0  0  0  -1  0   0  0  0  0  0  1/9     9:01   0:50   0:00 
Jacob De La Rose         0  0  0   0  0   0  1  0  0  0  0/0    12:43   0:00   0:00 
Jacob Trouba             0  0  0   0  0   0  1  1  0  0  0/0    22:33   2:05   0:00 
Jakub Voracek            0  0  0   0  5   1  1  0  0  0  0/0    18:51   2:10   0:00 
James van Riemsdyk       0  0  0   0  0   5  1  0  0  0  0/0    17:08   1:12   0:00 
Luke Glendening          0  0  0  -1  0   0  1  0  0  0  0/0     9:01   0:00   0:00 
Mark Arcobello           0  0  0  -1  0   0  0  0  0  0  0/0     8:33   0:00   0:00 
Mark Giordano            0  1  1   0  0   2  0  1  0  0  0/0    22:33   1:39   0:00 
Mike Cammalleri          1  0  1   1  0   1  0  0  0  0  5/12   16:28   1:48   0:00 
Ondrej Palat             1  1  2   1  0   2  3  0  0  0  1/3    16:27   0:00   0:00 
Ryan Getzlaf             0  0  0   0  0   1  2  0  0  0  10/20  20:46   2:10   0:00 
Ryan Nugent-Hopkins      0  0  0   0  0   3  1  0  0  0  15/25  17:30   1:34   0:00 
Ryan Suter               0  1  1   0  0   0  0  0  0  0  0/0    22:16   1:39   0:00 
Seth Jones               0  0  0   0  0   1  0  2  0  0  0/0    15:11   0:14   0:00 
Tanner Pearson           0  0  0   1  0   0  2  0  0  0  1/2    14:40   0:00   0:00 
Victor Hedman            0  0  0   0  0   1  1  0  0  0  0/0    22:50   2:05   0:00 

Players Stats for Predators

Player Name              G  A  P  +/- PIM S  H  SB GA TA FO     MP     PP MP  PK MP  
------------------------------------------------------------------------------------
Anton Stralman           0  0  0   0  0   0  0  0  0  0  0/0    19:40   0:00   0:47 
Artem Anisimov           0  0  0   0  0   1  1  0  0  0  0/0    18:25   0:00   2:24 
Cody Franson             0  0  0   0  0   0  2  1  0  0  0/0    18:11   0:00   1:38 
Derick Brassard          0  0  0  -1  0   1  1  0  0  0  1/1    11:03   0:00   0:00 
Jaden Schwartz           0  1  1   1  0   1  0  0  0  0  0/0    13:46   0:00   0:00 
Joe Colborne             0  0  0   0  0   0  1  0  0  0  0/0     7:42   0:00   1:34 
Kevin Hayes              0  0  0   0  0   2  0  0  0  0  0/2    16:59   0:00   0:00 
Max Pacioretty           1  1  2   1  0   2  2  0  0  0  0/1    19:28   0:00   0:00 
Nicklas Backstrom        1  0  1   1  0   1  2  0  0  0  11/21  22:51   0:00   2:08 
Oscar Klefbom            0  1  1   0  0   0  0  2  0  0  0/0    18:47   0:00   0:00 
Roman Josi               0  1  1   0  0   0  1  0  0  0  0/0    21:11   0:00   0:18 
Stephane Robidas         0  0  0   0  0   0  1  0  0  0  0/0     4:08   0:00   2:02 
Steve Ott                0  0  0   1  0   1  0  0  0  0  1/1    10:04   0:00   0:00 
Steven Stamkos           1  0  1  -1  0   3  3  0  0  0  15/26  20:36   0:00   0:00 
T.J. Oshie               0  0  0  -2  5   4  1  0  0  0  1/3    19:21   0:00   1:50 
Valtteri Filppula        0  0  0   0  2   2  0  0  0  0  10/17  16:19   0:00   0:00 
Zach Bogosian            0  1  1   0  2   1  5  0  0  0  0/0    20:16   0:00   1:07 
Zbynek Michalek          0  0  0   0  0   0  0  2  0  0  0/0    18:20   0:00   2:04 

3 Stars

1 - Ondrej Palat (PIT)
2 - Max Pacioretty (NSH)
3 - Nicklas Backstrom (NSH)

Power Play

Penguins - 0 on 2 Attempt(s) - 0.00%
Predators - 0 on 0 Attempt(s) - 0.00%

Penalty Kill

Penguins - 0 on 0 Attempt(s) - 0.00% - Score 0 goal in Penalty Kill
Predators - 2 on 2 Attempt(s) - 100.00% - Score 0 goal in Penalty Kill

Team Stat

Penguins - Hits : 15 - Faceoff Wins : 33 - Blocked Shots : 4 - Penalty Minutes : 5
Predators - Hits : 20 - Faceoff Wins : 39 - Blocked Shots : 5 - Penalty Minutes : 9

Official

Referees : Mike Hasenfratz and Dean Morton
Linesman : David Brisebois and Mark Wheler

Game Notes

Derick Brassard is injured at 11:37 of 2nd period (Sprained Right Knee)
T.J. Oshie beats up Jakub Voracek at 7:46 of 3rd period
Jacob De La Rose is injured at 8:11 of 3rd period (Sprained Right Ankle)

Finance

Level 1 -- Attendance: 4996 (76.86%) -- Ticket Income $599,520
Level 2 -- Attendance: 4951 (99.02%) -- Ticket Income $396,080
Level 3 -- Attendance: 3450 (98.57%) -- Ticket Income $172,500
Level 4 -- Attendance: 1113 (100.00%) -- Ticket Income $46,746
Luxury Box -- Attendance: 1000 (100.00%) -- Ticket Income $185,000
Game was played at the Bridgestone Arena.
Total Attendance: 15510 (90.63%)
Total Ticket Income: $1,399,846
Other Income: $209,977
Total Income: $1,609,823

% Time on Ice - Penguins

Lines # - Real PCT - Wanted PCT - Time Play
Normal Forward
1 - 31% - 32% - 17:15
2 - 28% - 30% - 15:56
3 - 26% - 28% - 14:40
4 - 15% - 10% - 8:11
Normal Defense
1 - 37% - 40% - 20:37
2 - 37% - 40% - 20:28
3 - 24% - 20% - 13:18
4 - 3% - 0% - 1:39
PP Forward
1 - 55% - 53% - 2:10
2 - 45% - 47% - 1:48
PP Defense
1 - 47% - 75% - 1:53
2 - 53% - 25% - 2:05
PK Forward
1 - 0% - 55%
2 - 0% - 45%
PK Defense
1 - 0% - 60%
2 - 0% - 40%
PK3 Forward
1 - 0% - 55%
2 - 0% - 45%
PK3 Defense
1 - 0% - 55%
2 - 0% - 45%
44 Forward
1 - 0% - 55%
2 - 0% - 45%
44 Defense
1 - 0% - 55%
2 - 0% - 45%
Last Minute Offensive  - 0:00
Last Minute Defensive  - 0:00
Total
Forward - 60:00
Defense - 60:00

% Time on Ice - Predators

Lines # - Real PCT - Wanted PCT - Time Play
Normal Forward
1 - 36% - 38% - 20:19
2 - 24% - 35% - 13:34
3 - 29% - 25% - 16:01
4 - 11% - 2% - 6:08
Normal Defense
1 - 34% - 36% - 18:47
2 - 34% - 34% - 18:53
3 - 29% - 30% - 16:16
4 - 4% - 0% - 2:06
PP Forward
1 - 0% - 57%
2 - 0% - 43%
PP Defense
1 - 0% - 60%
2 - 0% - 40%
PK Forward
1 - 61% - 60% - 2:24
2 - 39% - 40% - 1:34
PK Defense
1 - 41% - 60% - 1:38
2 - 59% - 40% - 2:20
PK3 Forward
1 - 0% - 60%
2 - 0% - 40%
PK3 Defense
1 - 0% - 60%
2 - 0% - 40%
44 Forward
1 - 0% - 60%
2 - 0% - 40%
44 Defense
1 - 0% - 60%
2 - 0% - 40%
Last Minute Offensive  - 0:00
Last Minute Defensive  - 0:00
Total
Forward - 60:00
Defense - 60:00

Play by Play

1st period


0:01 of 1st period - Steven Stamkos wins face-off versus Ryan Getzlaf in neutral zone.
0:14 of 1st period - Ryan Suter is hit by Steven Stamkos and loses puck.
0:38 of 1st period - Icing by Roman Josi.
0:39 of 1st period - Ryan Nugent-Hopkins wins face-off versus Steven Stamkos in Predators zone.
0:48 of 1st period - Shot by Steven Stamkos.
0:48 of 1st period - Stopped by Marc-Andre Fleury without a rebound.
0:49 of 1st period - Nicklas Backstrom wins face-off versus Mike Cammalleri in Penguins zone.
0:52 of 1st period - Shot by Jaden Schwartz.
0:52 of 1st period - Deflect By Nicklas Backstrom.
0:52 of 1st period - Goal by Nicklas Backstrom - Penguins : 0 - Predators : 1.
0:53 of 1st period - Nicklas Backstrom wins face-off versus Ondrej Palat in neutral zone.
0:55 of 1st period - Jaden Schwartz is hit by Victor Hedman and loses puck.
1:07 of 1st period - Shot by Jaden Schwartz.
1:07 of 1st period - Deflect By Max Pacioretty.
1:07 of 1st period - Stopped by Marc-Andre Fleury without a rebound.
1:08 of 1st period - Ryan Nugent-Hopkins wins face-off versus Valtteri Filppula in Penguins zone.
1:12 of 1st period - Ryan Nugent-Hopkins is hit by Zach Bogosian and loses puck.
1:21 of 1st period - Shot by Ryan Nugent-Hopkins.
1:21 of 1st period - Shot Misses the Net.
1:23 of 1st period - Shot by Dmitry Kulikov.
1:23 of 1st period - Stopped by Pekka Rinne with a rebound.
1:25 of 1st period - Shot by Dmitry Kulikov.
1:25 of 1st period - Shot Misses the Net.
1:31 of 1st period - Shot by James van Riemsdyk.
1:31 of 1st period - Stopped by Pekka Rinne without a rebound.
1:32 of 1st period - Gregory Campbell wins face-off versus Nicklas Backstrom in Predators zone.
1:46 of 1st period - Shot by Luke Glendening.
1:46 of 1st period - Shot Misses the Net.
2:42 of 1st period - Off-side.
2:43 of 1st period - Valtteri Filppula wins face-off versus Mike Cammalleri in neutral zone.
2:46 of 1st period - Ryan Suter is hit by Zach Bogosian and loses puck.
3:04 of 1st period - Minor Penalty to Valtteri Filppula for Hooking.
3:05 of 1st period - Ryan Getzlaf wins face-off versus Nicklas Backstrom in Predators zone.
4:31 of 1st period - Shot by Mike Cammalleri.
4:31 of 1st period - Shot Misses the Net.
4:33 of 1st period - Shot by Ryan Nugent-Hopkins.
4:33 of 1st period - Shot Misses the Net.
4:35 of 1st period - Shot by James van Riemsdyk.
4:35 of 1st period - Shot Misses the Net.
4:37 of 1st period - Shot by Jacob Trouba.
4:37 of 1st period - Shot Misses the Net.
4:39 of 1st period - Shot by Victor Hedman.
4:39 of 1st period - Stopped by Pekka Rinne without a rebound.
4:40 of 1st period - Ryan Nugent-Hopkins wins face-off versus T.J. Oshie in Predators zone.
4:41 of 1st period - Shot by James van Riemsdyk.
4:41 of 1st period - Stopped by Pekka Rinne without a rebound.
4:42 of 1st period - Ryan Nugent-Hopkins wins face-off versus Nicklas Backstrom in Predators zone.
6:08 of 1st period - Off-side.
6:09 of 1st period - Valtteri Filppula wins face-off versus Ryan Nugent-Hopkins in neutral zone.
6:47 of 1st period - Icing by Ryan Nugent-Hopkins.
6:48 of 1st period - Ryan Nugent-Hopkins wins face-off versus T.J. Oshie in Penguins zone.
7:31 of 1st period - Icing by James van Riemsdyk.
7:32 of 1st period - Nicklas Backstrom wins face-off versus Ryan Nugent-Hopkins in Penguins zone.
7:39 of 1st period - Roman Josi is hit by Jacob De La Rose and loses puck.
7:56 of 1st period - Icing by Ryan Suter.
7:57 of 1st period - Valtteri Filppula wins face-off versus Ryan Nugent-Hopkins in Penguins zone.
8:22 of 1st period - Off-side.
8:23 of 1st period - Steven Stamkos wins face-off versus Brandon Saad in neutral zone.
8:46 of 1st period - Minor Penalty to Zach Bogosian for Hooking.
8:47 of 1st period - Nicklas Backstrom wins face-off versus Ryan Getzlaf in Predators zone.
10:48 of 1st period - Icing by Dmitry Kulikov.
10:49 of 1st period - Mike Cammalleri wins face-off versus Steven Stamkos in Penguins zone.
11:24 of 1st period - Shot by Derick Brassard.
11:24 of 1st period - Shot Misses the Net.
11:26 of 1st period - Shot by T.J. Oshie.
11:26 of 1st period - Shot Misses the Net.
12:03 of 1st period - Icing by Zach Bogosian.
12:04 of 1st period - Ryan Nugent-Hopkins wins face-off versus Nicklas Backstrom in Predators zone.
12:43 of 1st period - Ryan Nugent-Hopkins is hit by Cody Franson and loses puck.
13:29 of 1st period - Jakub Voracek is hit by Cody Franson and loses puck.
14:50 of 1st period - Jacob Trouba is hit by Derick Brassard and loses puck.
16:04 of 1st period - Shot by Valtteri Filppula.
16:04 of 1st period - Shot Misses the Net.
16:06 of 1st period - Shot by Artem Anisimov.
16:06 of 1st period - Stopped by Marc-Andre Fleury with a rebound.
16:35 of 1st period - Roman Josi is hit by Tanner Pearson and loses puck.
17:00 of 1st period - Brandon Saad is hit by Stephane Robidas and loses puck.
17:06 of 1st period - Off-side.
17:07 of 1st period - Ryan Nugent-Hopkins wins face-off versus Nicklas Backstrom in neutral zone.
17:28 of 1st period - Shot by Jaden Schwartz.
17:28 of 1st period - Stopped by Marc-Andre Fleury with a rebound.
17:30 of 1st period - Shot by Zach Bogosian.
17:30 of 1st period - Stopped by Marc-Andre Fleury without a rebound.
17:31 of 1st period - Valtteri Filppula wins face-off versus Ryan Getzlaf in Penguins zone.
18:06 of 1st period - Shot by Ryan Getzlaf.
18:06 of 1st period - Shot Misses the Net.
18:11 of 1st period - Off-side.
18:12 of 1st period - Nicklas Backstrom wins face-off versus Ryan Nugent-Hopkins in neutral zone.
18:59 of 1st period - Shot by James van Riemsdyk.
18:59 of 1st period - Stopped by Pekka Rinne without a rebound.
19:00 of 1st period - Ryan Getzlaf wins face-off versus Steven Stamkos in Predators zone.
19:04 of 1st period - Icing by T.J. Oshie.
19:05 of 1st period - Steven Stamkos wins face-off versus Ryan Getzlaf in Predators zone.
19:13 of 1st period - Icing by Dmitry Kulikov.
19:14 of 1st period - Ryan Getzlaf wins face-off versus Steven Stamkos in Penguins zone.
Goals for this period are 0 for Penguins vs 1 for Predators.
Shots for this period are 5 for Penguins vs 6 for Predators.

2nd period


0:01 of 2nd period - Ryan Getzlaf wins face-off versus Steven Stamkos in neutral zone.
0:41 of 2nd period - Shot by Derick Brassard.
0:41 of 2nd period - Stopped by Marc-Andre Fleury without a rebound.
0:42 of 2nd period - Mike Cammalleri wins face-off versus Nicklas Backstrom in Penguins zone.
0:59 of 2nd period - Shot by Nicklas Backstrom.
0:59 of 2nd period - Shot Misses the Net.
1:07 of 2nd period - Shot by Jaden Schwartz.
1:07 of 2nd period - Shot Misses the Net.
1:27 of 2nd period - Icing by Mark Giordano.
1:28 of 2nd period - Steven Stamkos wins face-off versus Mike Cammalleri in Penguins zone.
1:49 of 2nd period - Brandon Saad is hit by Steven Stamkos and loses puck.
1:53 of 2nd period - Icing by Victor Hedman.
1:54 of 2nd period - Valtteri Filppula wins face-off versus Ryan Getzlaf in Penguins zone.
2:48 of 2nd period - Shot by Ryan Nugent-Hopkins.
2:48 of 2nd period - Shot Blocked by Zbynek Michalek.
2:56 of 2nd period - Shot by Ryan Nugent-Hopkins.
2:56 of 2nd period - Shot Misses the Net.
3:10 of 2nd period - Shot by Ryan Nugent-Hopkins.
3:10 of 2nd period - Shot Blocked by Zbynek Michalek.
3:35 of 2nd period - Valtteri Filppula is hit by Ondrej Palat and loses puck.
4:06 of 2nd period - Shot by Ondrej Palat.
4:06 of 2nd period - Goal by Ondrej Palat - Penguins : 1 - Predators : 1.
4:07 of 2nd period - Ryan Getzlaf wins face-off versus Nicklas Backstrom in neutral zone.
4:09 of 2nd period - Jakub Voracek is hit by Nicklas Backstrom and loses puck.
4:34 of 2nd period - Victor Hedman is hit by Max Pacioretty.
4:43 of 2nd period - Off-side.
4:44 of 2nd period - Ryan Nugent-Hopkins wins face-off versus Steven Stamkos in neutral zone.
6:18 of 2nd period - Icing by Roman Josi.
6:19 of 2nd period - Ryan Getzlaf wins face-off versus Steven Stamkos in Predators zone.
6:20 of 2nd period - Shot by Jakub Voracek.
6:20 of 2nd period - Deflect By Brandon Saad.
6:20 of 2nd period - Stopped by Pekka Rinne with a rebound.
6:44 of 2nd period - Shot by Ryan Getzlaf.
6:44 of 2nd period - Shot Misses the Net.
6:46 of 2nd period - Shot by Ryan Getzlaf.
6:46 of 2nd period - Stopped by Pekka Rinne without a rebound.
6:47 of 2nd period - Valtteri Filppula wins face-off versus Gregory Campbell in Predators zone.
6:56 of 2nd period - Shot by Kevin Hayes.
6:56 of 2nd period - Stopped by Marc-Andre Fleury without a rebound.
6:57 of 2nd period - Nicklas Backstrom wins face-off versus Ryan Nugent-Hopkins in Penguins zone.
8:11 of 2nd period - Shot by Valtteri Filppula.
8:11 of 2nd period - Stopped by Marc-Andre Fleury without a rebound.
8:12 of 2nd period - Valtteri Filppula wins face-off versus Mike Cammalleri in Penguins zone.
10:22 of 2nd period - Mark Giordano is hit by Max Pacioretty.
10:40 of 2nd period - Shot by Max Pacioretty.
10:40 of 2nd period - Deflect By Jaden Schwartz.
10:40 of 2nd period - Shot Blocked by Mark Giordano.
11:19 of 2nd period - Shot by Artem Anisimov.
11:19 of 2nd period - Shot Misses the Net.
11:21 of 2nd period - Shot by Cody Franson.
11:21 of 2nd period - Shot Misses the Net.
11:35 of 2nd period - Shot by Valtteri Filppula.
11:35 of 2nd period - Stopped by Marc-Andre Fleury without a rebound.
11:36 of 2nd period - Derick Brassard wins face-off versus Mike Cammalleri in Penguins zone.
11:36 of 2nd period - Derick Brassard is hit by Dmitry Kulikov.
11:37 of 2nd period - Derick Brassard from Predators is injured at 11:37 of 2nd period (Sprained Right Knee).
11:38 of 2nd period - Ryan Getzlaf wins face-off versus Nicklas Backstrom in Penguins zone.
12:55 of 2nd period - Shot by T.J. Oshie.
12:55 of 2nd period - Shot Blocked by Seth Jones.
12:57 of 2nd period - Shot by T.J. Oshie.
12:57 of 2nd period - Shot Misses the Net.
13:01 of 2nd period - Shot by T.J. Oshie.
13:01 of 2nd period - Shot Misses the Net.
13:30 of 2nd period - Icing by Ondrej Palat.
13:31 of 2nd period - Mike Cammalleri wins face-off versus Valtteri Filppula in Penguins zone.
14:08 of 2nd period - Off-side.
14:09 of 2nd period - Nicklas Backstrom wins face-off versus Ryan Getzlaf in neutral zone.
14:45 of 2nd period - Icing by Jacob Trouba.
14:46 of 2nd period - Steven Stamkos wins face-off versus Ryan Getzlaf in Penguins zone.
15:07 of 2nd period - Zach Bogosian is hit by Jakub Voracek and loses puck.
16:02 of 2nd period - Max Pacioretty is hit by Ryan Nugent-Hopkins and loses puck.
16:10 of 2nd period - Icing by T.J. Oshie.
16:11 of 2nd period - Mike Cammalleri wins face-off versus Steven Stamkos in Predators zone.
16:22 of 2nd period - Shot by Mike Cammalleri.
16:22 of 2nd period - Goal by Mike Cammalleri - Penguins : 2 - Predators : 1.
16:23 of 2nd period - Valtteri Filppula wins face-off versus Gregory Campbell in neutral zone.
16:31 of 2nd period - Icing by Jacob Trouba.
16:32 of 2nd period - Valtteri Filppula wins face-off versus Gregory Campbell in Penguins zone.
16:49 of 2nd period - Gregory Campbell is hit by Artem Anisimov and loses puck.
17:25 of 2nd period - Shot by Ondrej Palat.
17:25 of 2nd period - Shot Misses the Net.
17:27 of 2nd period - Shot by Mark Giordano.
17:27 of 2nd period - Stopped by Pekka Rinne with a rebound.
18:44 of 2nd period - Shot by Jakub Voracek.
18:44 of 2nd period - Shot Misses the Net.
19:24 of 2nd period - Icing by T.J. Oshie.
19:25 of 2nd period - Steven Stamkos wins face-off versus Ryan Nugent-Hopkins in Predators zone.
19:25 of 2nd period - Steven Stamkos is hit by James van Riemsdyk.
19:35 of 2nd period - Shot by T.J. Oshie.
19:35 of 2nd period - Stopped by Marc-Andre Fleury without a rebound.
19:36 of 2nd period - Steven Stamkos wins face-off versus Mike Cammalleri in Penguins zone.
19:51 of 2nd period - Shot by T.J. Oshie.
19:51 of 2nd period - Stopped by Marc-Andre Fleury without a rebound.
19:52 of 2nd period - T.J. Oshie wins face-off versus Ryan Nugent-Hopkins in Penguins zone.
19:53 of 2nd period - Shot by Steven Stamkos.
19:53 of 2nd period - Deflect By T.J. Oshie.
19:53 of 2nd period - Stopped by Marc-Andre Fleury without a rebound.
19:54 of 2nd period - Ryan Nugent-Hopkins wins face-off versus Steven Stamkos in Penguins zone.
Goals for this period are 2 for Penguins vs 0 for Predators.
Shots for this period are 5 for Penguins vs 7 for Predators.

3rd period


0:01 of 3rd period - Ryan Nugent-Hopkins wins face-off versus Nicklas Backstrom in neutral zone.
0:14 of 3rd period - Shot by Ryan Nugent-Hopkins.
0:14 of 3rd period - Stopped by Pekka Rinne without a rebound.
0:15 of 3rd period - Steven Stamkos wins face-off versus Ryan Getzlaf in Predators zone.
0:42 of 3rd period - Mark Giordano is hit by T.J. Oshie and loses puck.
1:15 of 3rd period - Icing by Nicklas Backstrom.
1:16 of 3rd period - Steven Stamkos wins face-off versus Tanner Pearson in Predators zone.
1:16 of 3rd period - Steven Stamkos is hit by Tanner Pearson.
1:28 of 3rd period - Shot by Ondrej Palat.
1:28 of 3rd period - Shot Blocked by Cody Franson.
1:32 of 3rd period - Shot by Ondrej Palat.
1:32 of 3rd period - Shot Misses the Net.
1:34 of 3rd period - Shot by Ondrej Palat.
1:34 of 3rd period - Stopped by Pekka Rinne without a rebound.
1:35 of 3rd period - Ryan Nugent-Hopkins wins face-off versus Valtteri Filppula in Predators zone.
1:38 of 3rd period - Shot by Seth Jones.
1:38 of 3rd period - Stopped by Pekka Rinne without a rebound.
1:39 of 3rd period - Ryan Nugent-Hopkins wins face-off versus Valtteri Filppula in Predators zone.
1:52 of 3rd period - Shot by Ryan Nugent-Hopkins.
1:52 of 3rd period - Stopped by Pekka Rinne without a rebound.
1:53 of 3rd period - Tanner Pearson wins face-off versus Max Pacioretty in Predators zone.
2:03 of 3rd period - Off-side.
2:04 of 3rd period - Ryan Nugent-Hopkins wins face-off versus Kevin Hayes in neutral zone.
2:13 of 3rd period - Shot by Ryan Nugent-Hopkins.
2:13 of 3rd period - Shot Blocked by Oscar Klefbom.
2:18 of 3rd period - Off-side.
2:19 of 3rd period - Nicklas Backstrom wins face-off versus Ondrej Palat in neutral zone.
4:03 of 3rd period - Shot by T.J. Oshie.
4:03 of 3rd period - Stopped by Marc-Andre Fleury without a rebound.
4:04 of 3rd period - Ryan Getzlaf wins face-off versus Valtteri Filppula in Penguins zone.
4:11 of 3rd period - Shot by Artem Anisimov.
4:11 of 3rd period - Shot Blocked by Seth Jones.
4:17 of 3rd period - Shot by Kevin Hayes.
4:17 of 3rd period - Stopped by Marc-Andre Fleury with a rebound.
6:02 of 3rd period - Shot by James van Riemsdyk.
6:02 of 3rd period - Stopped by Pekka Rinne without a rebound.
6:03 of 3rd period - Steve Ott wins face-off versus Mike Cammalleri in Predators zone.
6:03 of 3rd period - Steve Ott is hit by Ondrej Palat.
6:41 of 3rd period - Jacob Trouba is hit by Zach Bogosian and loses puck.
7:46 of 3rd period - T.J. Oshie beats up Jakub Voracek.
7:46 of 3rd period - Penalty to T.J. Oshie for Fighting.
7:46 of 3rd period - Penalty to Jakub Voracek for Fighting.
7:47 of 3rd period - Steven Stamkos wins face-off versus Ryan Nugent-Hopkins in Penguins zone.
8:10 of 3rd period - Jacob De La Rose is hit by Steven Stamkos and loses puck.
8:11 of 3rd period - Jacob De La Rose from Penguins is injured at 8:11 of 3rd period (Sprained Right Ankle).
8:12 of 3rd period - Nicklas Backstrom wins face-off versus Gregory Campbell in Penguins zone.
8:29 of 3rd period - Shot by Nicklas Backstrom.
8:29 of 3rd period - Shot Misses the Net.
8:40 of 3rd period - Ryan Suter is hit by Joe Colborne and loses puck.
8:44 of 3rd period - Icing by Ryan Suter.
8:45 of 3rd period - Steven Stamkos wins face-off versus Gregory Campbell in Penguins zone.
8:58 of 3rd period - Shot by Max Pacioretty.
8:58 of 3rd period - Goal by Max Pacioretty - Penguins : 2 - Predators : 2.
8:59 of 3rd period - Ryan Nugent-Hopkins wins face-off versus Valtteri Filppula in neutral zone.
9:12 of 3rd period - Off-side.
9:13 of 3rd period - Mike Cammalleri wins face-off versus Nicklas Backstrom in neutral zone.
10:22 of 3rd period - Icing by Anton Stralman.
10:23 of 3rd period - Ryan Getzlaf wins face-off versus Kevin Hayes in Predators zone.
10:23 of 3rd period - Victor Hedman is hit by Zach Bogosian and loses puck.
11:08 of 3rd period - Shot by Brandon Saad.
11:08 of 3rd period - Shot Misses the Net.
11:32 of 3rd period - Shot by James van Riemsdyk.
11:32 of 3rd period - Stopped by Pekka Rinne with a rebound.
11:34 of 3rd period - Shot by Mark Giordano.
11:34 of 3rd period - Stopped by Pekka Rinne without a rebound.
11:35 of 3rd period - Steven Stamkos wins face-off versus Ryan Nugent-Hopkins in Predators zone.
11:46 of 3rd period - Shot by Ryan Nugent-Hopkins.
11:46 of 3rd period - Stopped by Pekka Rinne without a rebound.
11:47 of 3rd period - Valtteri Filppula wins face-off versus Gregory Campbell in Predators zone.
12:09 of 3rd period - Mark Arcobello is hit by Roman Josi and loses puck.
13:59 of 3rd period - Shot by Valtteri Filppula.
13:59 of 3rd period - Deflect By Steve Ott.
13:59 of 3rd period - Stopped by Marc-Andre Fleury without a rebound.
14:00 of 3rd period - Nicklas Backstrom wins face-off versus Gregory Campbell in Penguins zone.
14:08 of 3rd period - Off-side.
14:09 of 3rd period - Ryan Getzlaf wins face-off versus Steven Stamkos in neutral zone.
14:18 of 3rd period - Shot by Brandon Saad.
14:18 of 3rd period - Stopped by Pekka Rinne with a rebound.
14:50 of 3rd period - Shot by Brandon Saad.
14:50 of 3rd period - Deflect By Jakub Voracek.
14:50 of 3rd period - Stopped by Pekka Rinne without a rebound.
14:51 of 3rd period - Ryan Nugent-Hopkins wins face-off versus Valtteri Filppula in Predators zone.
14:54 of 3rd period - Shot by James van Riemsdyk.
14:54 of 3rd period - Shot Hit the Post.
15:12 of 3rd period - Shot by Artem Anisimov.
15:12 of 3rd period - Shot Misses the Net.
15:14 of 3rd period - Shot by Valtteri Filppula.
15:14 of 3rd period - Shot Blocked by Jacob Trouba.
15:21 of 3rd period - Valtteri Filppula is hit by Jacob Trouba and loses puck.
15:53 of 3rd period - Icing by Anton Stralman.
15:54 of 3rd period - Nicklas Backstrom wins face-off versus Ryan Getzlaf in Predators zone.
15:54 of 3rd period - Nicklas Backstrom is hit by Ryan Getzlaf.
16:18 of 3rd period - Ryan Getzlaf is hit by Nicklas Backstrom and loses puck.
16:29 of 3rd period - Ryan Getzlaf is hit by Zach Bogosian and loses puck.
16:55 of 3rd period - Zach Bogosian is hit by Luke Glendening and loses puck.
17:42 of 3rd period - Anton Stralman is hit by Ondrej Palat.
17:55 of 3rd period - Off-side.
17:56 of 3rd period - Ondrej Palat wins face-off versus Steven Stamkos in neutral zone.
18:25 of 3rd period - Shot by Ondrej Palat.
18:25 of 3rd period - Shot Misses the Net.
18:27 of 3rd period - Shot by Mike Cammalleri.
18:27 of 3rd period - Shot Misses the Net.
18:29 of 3rd period - Shot by Ondrej Palat.
18:29 of 3rd period - Shot Blocked by Oscar Klefbom.
18:31 of 3rd period - Shot by Tanner Pearson.
18:31 of 3rd period - Shot Misses the Net.
18:33 of 3rd period - Shot by Mark Giordano.
18:33 of 3rd period - Shot Misses the Net.
19:35 of 3rd period - Cody Franson is hit by Ryan Getzlaf and loses puck.
19:41 of 3rd period - Off-side.
19:42 of 3rd period - Steven Stamkos wins face-off versus Ryan Nugent-Hopkins in neutral zone.
19:57 of 3rd period - Shot by Steven Stamkos.
19:57 of 3rd period - Stopped by Marc-Andre Fleury without a rebound.
19:58 of 3rd period - Steven Stamkos wins face-off versus Gregory Campbell in Penguins zone.
Goals for this period are 0 for Penguins vs 1 for Predators.
Shots for this period are 10 for Penguins vs 5 for Predators.

Overtime #1


0:01 of 1st overtime period - Steven Stamkos wins face-off versus Ryan Getzlaf in neutral zone.
0:16 of 1st overtime period - Shot by Steven Stamkos.
0:16 of 1st overtime period - Goal by Steven Stamkos - Penguins : 2 - Predators : 3.
Goals for this period are 0 for Penguins vs 1 for Predators.
Shots for this period are 0 for Penguins vs 1 for Predators.